EL
ERIE SEAWOLVES @ AKRON RUBBERDUCKS
05/01/2099
 
TOP OF THE 1ST
Erie SeaWolves batting - Pitching for Akron RubberDucks : RHP Paul Robinson
Pitching: RHP Paul Robinson
Batting: RHB Jack Childs 0-0: Ball
1-0: Ball
2-0: Ball
3-0: Base on Balls
Batting: RHB Jesus Mendoza 0-0: Swinging Strike
0-1: DOUBLE (Line Drive, 78D, EV 110.6 MPH)
Jack Childs to third
Runner from 3rd tries for Home, SAFE, throw by LF to trailing runner, SAFE at third!
Batting: SHB Tony Ortega 0-0: Called Strike
0-1: Called Strike
0-2: Ground out 5-3 (Groundball, 56, EV 106.3 MPH)
Batting: RHB Tim DeRosa 0-0: Ball
1-0: Called Strike
1-1: Foul Ball, location: 2F
1-2: DOUBLE (Flyball, 8RXD, EV 101.3 MPH)
Jesus Mendoza scores
Batting: LHB Ron Devers 0-0: Ball
1-0: Ball
2-0: Ground out 4-3 (Groundball, 4, EV 83.8 MPH)
Tim DeRosa to third
Batting: LHB Nick Gough 0-0: Called Strike
0-1: Foul Ball, location: 5F
0-2: Strikes out swinging
Top of the 1st over - 2 runs, 2 hits, 0 errors, 1 left on base; Erie 2 - Akron 0
BOTTOM OF THE 1ST
Akron RubberDucks batting - Pitching for Erie SeaWolves : RHP Casey Derr
Pitching: RHP Casey Derr
Batting: LHB Chris Shuford 0-0: Ball
1-0: TRIPLE (Flyball, 89XD, EV 101.3 MPH)
Batting: RHB Mike Barrett 0-0: Swinging Strike
0-1: Swinging Strike
0-2: Ball
1-2: Foul Ball, location: 9LMF
1-2: Ball
2-2: Foul Ball, location: 2F
2-2: Foul Ball, location: 2F
2-2: Hit by Pitch
Batting: SHB Mario Mendoza 0-0: Swinging Strike
0-1: Foul Ball, location: 7LSF
0-2: Ball
1-2: Ball
Mike Barrett steals 2nd base
2-2: Fly out, F9 (Flyball, 9LS, EV 94.4 MPH)
Batting: RHB Harrison DeLoach 0-0: Ball
1-0: Called Strike
1-1: Fly out, F8 (Flyball, 8RXD, EV 106.9 MPH)
Runner from 3rd tags up, SCORES, no throw by CF
Mike Barrett to third
Batting: RHB Jerome Bathgate 0-0: Called Strike
0-1: Foul Ball, location: 2F
0-2: Foul Ball, location: 5F
0-2: Foul Ball, location: 2F
0-2: Foul Ball, location: 2F
0-2: Ball
1-2: Foul Ball, location: 3SF
1-2: Ball
2-2: Foul Ball, location: 5FF
2-2: Foul Ball, location: 2F
2-2: SINGLE (Line Drive, 89S, EV 102.5 MPH)
Mike Barrett scores
Batting: RHB Beau Gilland 0-0: Ball
1-0: Ball
2-0: Called Strike
2-1: Foul Ball, location: 25FF
2-2: Strikes out swinging
Bottom of the 1st over - 2 runs, 2 hits, 0 errors, 1 left on base; Erie 2 - Akron 2
TOP OF THE 2ND
Erie SeaWolves batting - Pitching for Akron RubberDucks : RHP Paul Robinson
Batting: RHB Jason Ley 0-0: Called Strike
0-1: Foul Ball, location: 5FF
0-2: Strikes out swinging
Batting: RHB Elias Frias 0-0: Ball
1-0: Ball
2-0: Called Strike
2-1: Swinging Strike
2-2: SINGLE (Groundball, 5D, EV 98.1 MPH)
Batting: RHB Joe McFadden 0-0: Ball
1-0: Swinging Strike
1-1: Ball
2-1: Fly out, F3 (Popup, 34, EV 77.5 MPH)
Batting: RHB Jack Childs 0-0: Ball
1-0: Called Strike
1-1: Called Strike
1-2: Ball
Elias Frias steals 2nd, throwing error, E2
Elias Frias to third
2-2: Ball
3-2: Foul Ball, location: 2F
3-2: Base on Balls
Batting: RHB Jesus Mendoza 0-0: Called Strike
0-1: Ball
1-1: Ball
2-1: Fly out, F8 (Flyball, 78D, EV 95.0 MPH)
Top of the 2nd over - 0 runs, 1 hit, 1 error, 2 left on base; Erie 2 - Akron 2
BOTTOM OF THE 2ND
Akron RubberDucks batting - Pitching for Erie SeaWolves : RHP Casey Derr
Batting: RHB Gregorio Gonzalez 0-0: Called Strike
0-1: SINGLE (Line Drive, 34D, EV 96.9 MPH)
Batting: RHB Jeff Clark 0-0: Ball
1-0: SINGLE (Groundball, 56D, EV 98.1 MPH)
Gregorio Gonzalez to second
Batting: RHB Brad Graves 0-0: Ball
1-0: Fly out, F8 (Line Drive, 78D, EV 93.8 MPH)
Batting: LHB Chris Shuford 0-0: Ball
1-0: Swinging Strike
1-1: Ball
2-1: Foul Ball, location: 7LSFF
2-2: Ball
3-2: Base on Balls
Gregorio Gonzalez to third
Jeff Clark to second
Batting: RHB Mike Barrett 0-0: Ball
1-0: Swinging Strike
1-1: Ball
2-1: Swinging Strike
2-2: Ball
3-2: Fly out, F8 (Flyball, 8RS, EV 97.5 MPH)
Batting: SHB Mario Mendoza 0-0: Ball
1-0: Foul Ball, location: 2F
1-1: DOUBLE (Flyball, 78D, EV 100.6 MPH)
Gregorio Gonzalez scores
Jeff Clark scores
Chris Shuford to third
Batting: RHB Harrison DeLoach 0-0: Ball
1-0: Ball
2-0: Ball
3-0: Base on Balls
Batting: RHB Jerome Bathgate 0-0: Ball
1-0: Ball
2-0: SINGLE (Line Drive, 8LS, EV 97.5 MPH)
Chris Shuford scores
Mario Mendoza to third
Harrison DeLoach to second
Batting: RHB Beau Gilland 0-0: Called Strike
0-1: Ball
1-1: Ball
2-1: Ball
3-1: Base on Balls
Mario Mendoza scores
Harrison DeLoach to third
Jerome Bathgate to second
Pitching: LHP Danny Singleton
Batting: RHB Gregorio Gonzalez 0-0: Called Strike
0-1: Swinging Strike
0-2: Ground out 6-3 (Groundball, 6M, EV 108.8 MPH)
Bottom of the 2nd over - 4 runs, 4 hits, 0 errors, 3 left on base; Erie 2 - Akron 6
TOP OF THE 3RD
Erie SeaWolves batting - Pitching for Akron RubberDucks : RHP Paul Robinson
Batting: SHB Tony Ortega 0-0: Ball
1-0: Ball
2-0: Fly out, F9 (Line Drive, 9S, EV 91.3 MPH)
Batting: RHB Tim DeRosa 0-0: Fly out, F8 (Flyball, 89M, EV 90.0 MPH)
Batting: LHB Ron Devers 0-0: Ball
1-0: SINGLE (Groundball, 4MD, EV 103.8 MPH)
Batting: LHB Nick Gough 0-0: Called Strike
0-1: Ball
1-1: Called Strike
1-2: DOUBLE (Flyball, 8RXD, EV 104.4 MPH)
Ron Devers to third
Runner from 3rd tries for Home, SAFE, throw by CF to home
Batting: RHB Jason Ley 0-0: Ball
1-0: Foul Ball, location: 2F
1-1: Ball
2-1: Foul Ball, location: 7LMF
2-2: Ball
3-2: Foul Ball, location: 2F
3-2: Base on Balls
Batting: RHB Elias Frias 0-0: Foul Ball, location: 5F
0-1: Fielders Choice at 2nd, 6-4 (Groundball, 56, EV 88.8 MPH)
Top of the 3rd over - 1 run, 2 hits, 0 errors, 2 left on base; Erie 3 - Akron 6
BOTTOM OF THE 3RD
Akron RubberDucks batting - Pitching for Erie SeaWolves : LHP Danny Singleton
Batting: RHB Jeff Clark 0-0: Foul Ball, location: 2F
0-1: Ball
1-1: SINGLE (Line Drive, 9S, EV 110.6 MPH)
Batting: RHB Brad Graves 0-0: Ball
1-0: Called Strike
1-1: SINGLE (Line Drive, 8RS, EV 93.8 MPH)
Jeff Clark to second
Batting: LHB Chris Shuford 0-0: Swinging Strike
0-1: Foul Ball, location: 5SF
0-2: Ball
1-2: Strikes out swinging
Batting: RHB Mike Barrett 0-0: Foul Ball, location: 25FF
0-1: Ball
1-1: Ball
2-1: Foul Ball, location: 2F
2-2: Foul Ball, location: 3F
2-2: Ball
3-2: Fly out, F7 (Line Drive, 78M, EV 104.4 MPH)
Batting: SHB Mario Mendoza 0-0: Called Strike
0-1: Called Strike
0-2: Ball
1-2: Foul Ball, location: 7LMFF
1-2: Ball
2-2: Fly out, F8 (Flyball, 8RD, EV 84.4 MPH)
Bottom of the 3rd over - 0 runs, 2 hits, 0 errors, 2 left on base; Erie 3 - Akron 6
TOP OF THE 4TH
Erie SeaWolves batting - Pitching for Akron RubberDucks : RHP Paul Robinson
Batting: RHB Joe McFadden 0-0: Ball
1-0: Foul Ball, location: 9LMF
1-1: Foul Ball, location: 2F
1-2: Ball
2-2: Strikes out swinging
Batting: RHB Jack Childs 0-0: Ball
1-0: Ball
2-0: DOUBLE (Line Drive, 7LM, EV 106.9 MPH)
Batting: RHB Jesus Mendoza 0-0: Ball
1-0: Fly out, F6 (Popup, 4MS, EV 65.6 MPH)
Batting: SHB Tony Ortega 0-0: Foul Ball, location: 23F
0-1: SINGLE (Line Drive, 78M, EV 85.0 MPH)
Jack Childs to third
Runner from 3rd tries for Home, SAFE, throw by LF to home
Batting: RHB Tim DeRosa 0-0: Foul Ball, location: 2F
0-1: Called Strike
0-2: Fly out, F8 (Flyball, 8LD, EV 83.1 MPH)
Top of the 4th over - 1 run, 2 hits, 0 errors, 1 left on base; Erie 4 - Akron 6
BOTTOM OF THE 4TH
Akron RubberDucks batting - Pitching for Erie SeaWolves : LHP Danny Singleton
Batting: RHB Harrison DeLoach 0-0: Foul Ball, location: 5F
0-1: Ball
1-1: Called Strike
1-2: Foul Ball, location: 2F
1-2: SINGLE (Line Drive, 9LS, EV 102.5 MPH)
Batting: RHB Jerome Bathgate 0-0: Swinging Strike
0-1: Swinging Strike
0-2: Ball
1-2: Ball
2-2: Strikes out looking
Batting: RHB Beau Gilland 0-0: Ball
1-0: Foul Ball, location: 5SF
1-1: Fly out, F3 (Popup, 3S, EV 76.3 MPH)
Batting: RHB Gregorio Gonzalez 0-0: Ball
1-0: Fly out, F6 (Popup, 6M, EV 52.5 MPH)
Bottom of the 4th over - 0 runs, 1 hit, 0 errors, 1 left on base; Erie 4 - Akron 6
TOP OF THE 5TH
Erie SeaWolves batting - Pitching for Akron RubberDucks : RHP Paul Robinson
Batting: LHB Ron Devers 0-0: Ball
1-0: Ball
2-0: Foul Ball, location: 2F
2-1: Ground out 3-1 (Groundball, 34S, EV 85.6 MPH)
Batting: LHB Nick Gough 0-0: Called Strike
0-1: Swinging Strike
0-2: Foul Ball, location: 2F
0-2: Ball
1-2: Strikes out swinging
Batting: RHB Jason Ley 0-0: Called Strike
0-1: Called Strike
0-2: Ball
1-2: SINGLE (Line Drive, 3L, EV 97.5 MPH)
Batting: RHB Elias Frias 0-0: Swinging Strike
0-1: Foul Ball, location: 9LDF
0-2: Ball
1-2: Ball
2-2: Foul Ball, location: 2F
2-2: Ground out 5-3 (Groundball, 56S, EV 88.1 MPH)
Top of the 5th over - 0 runs, 1 hit, 0 errors, 1 left on base; Erie 4 - Akron 6
BOTTOM OF THE 5TH
Akron RubberDucks batting - Pitching for Erie SeaWolves : LHP Danny Singleton
Batting: RHB Jeff Clark 0-0: Called Strike
0-1: Ball
1-1: Ball
2-1: Ball
3-1: Swinging Strike
3-2: Strikes out swinging
Batting: RHB Brad Graves 0-0: Ball
1-0: Foul Ball, location: 2F
1-1: DOUBLE (Flyball, 78XD, EV 107.5 MPH)
Batting: LHB Chris Shuford 0-0: Called Strike
0-1: Ball
1-1: Called Strike
1-2: Ground out 6-3 (Groundball, 6S, EV 80.0 MPH)
Batting: RHB Mike Barrett 0-0: Ball
1-0: Ball
2-0: Ball
3-0: Called Strike
3-1: Base on Balls
Pitching: RHP Bob Pusateri
Batting: SHB Mario Mendoza 0-0: Ball
1-0: Foul Ball, location: 3F
1-1: Foul Ball, location: 5FF
1-2: Ball
2-2: Foul Ball, location: 7LMF
2-2: Fly out, F7 (Line Drive, 7D, EV 110.0 MPH)
Bottom of the 5th over - 0 runs, 1 hit, 0 errors, 2 left on base; Erie 4 - Akron 6
TOP OF THE 6TH
Erie SeaWolves batting - Pitching for Akron RubberDucks : RHP Paul Robinson
Batting: RHB Joe McFadden 0-0: Foul Ball, location: 2F
0-1: Ground out 5-3 (Groundball, 56, EV 103.8 MPH)
Batting: RHB Jack Childs 0-0: Ball
1-0: Called Strike
1-1: Ball
2-1: Foul Ball, location: 2F
2-2: Strikes out swinging
Batting: RHB Jesus Mendoza 0-0: Ball
1-0: DOUBLE (Groundball, 3L, EV 95.0 MPH)
Batting: SHB Tony Ortega 0-0: Foul Ball, location: 2F
0-1: Foul Ball, location: 2F
0-2: Foul Ball, location: 2LF
0-2: Hit by Pitch
Batting: RHB Tim DeRosa 0-0: Ball
1-0: Ball
2-0: Ball
3-0: Called Strike
3-1: Foul Ball, location: 25FF
3-2: Foul Ball, location: 5SF
3-2: Base on Balls
Jesus Mendoza to third
Tony Ortega to second
Pitching: RHP Mario Trujillo
Batting: LHB Ron Devers 0-0: Ball
1-0: Foul Ball, location: 5SF
1-1: Called Strike
1-2: Strikes out swinging
Top of the 6th over - 0 runs, 1 hit, 0 errors, 3 left on base; Erie 4 - Akron 6
BOTTOM OF THE 6TH
Akron RubberDucks batting - Pitching for Erie SeaWolves : RHP Bob Pusateri
Batting: RHB Harrison DeLoach 0-0: Ball
1-0: Foul Ball, location: 2F
1-1: Ball
2-1: Ball
3-1: Base on Balls
Batting: RHB Jerome Bathgate 0-0: Ball
1-0: Foul Ball, location: 5F
1-1: Foul Ball, location: 2F
1-2: Ball
2-2: Foul Ball, location: 2F
2-2: Strikes out looking
Batting: RHB Beau Gilland 0-0: Foul Ball, location: 25FF
0-1: Called Strike
0-2: Ball
1-2: Ball
2-2: SINGLE (Groundball, 6MD, EV 98.1 MPH)
Harrison DeLoach to second
Batting: RHB Gregorio Gonzalez 0-0: Swinging Strike
0-1: Foul Ball, location: 3SF
0-2: Ball
1-2: Foul Ball, location: 23FF
1-2: Reached on error, E5 (Groundball, 56S, EV 78.1 MPH)
Harrison DeLoach to third
Beau Gilland to second
Batting: RHB Jeff Clark 0-0: Called Strike
0-1: Fly out, F6 (Popup, P, EV 81.3 MPH)
Batting: RHB Brad Graves 0-0: Ball
1-0: Foul Ball, location: 2F
1-1: Fly out, F2 (Popup, 3SF, EV 76.3 MPH)
Bottom of the 6th over - 0 runs, 1 hit, 1 error, 3 left on base; Erie 4 - Akron 6
TOP OF THE 7TH
Erie SeaWolves batting - Pitching for Akron RubberDucks : RHP Mario Trujillo
Batting: LHB Nick Gough 0-0: Ball
1-0: Called Strike
1-1: Ball
2-1: Fly out, F9 (Flyball, 9S, EV 85.6 MPH)
Batting: RHB Jason Ley 0-0: Called Strike
0-1: Foul Ball, location: 2F
0-2: Fly out, F8 (Flyball, 8RXD, EV 95.6 MPH)
Batting: RHB Elias Frias 0-0: Foul Ball, location: 2RF
0-1: Foul Ball, location: 9LDF
0-2: Strikes out swinging
Top of the 7th over - 0 runs, 0 hits, 0 errors, 0 left on base; Erie 4 - Akron 6
BOTTOM OF THE 7TH
Akron RubberDucks batting - Pitching for Erie SeaWolves : RHP Bob Pusateri
Batting: LHB Chris Shuford 0-0: Ball
1-0: Called Strike
1-1: DOUBLE (Line Drive, 7LM, EV 95.0 MPH)
Batting: RHB Mike Barrett 0-0: Ball
1-0: Ball
2-0: Called Strike
2-1: Foul Ball, location: 2F
2-2: Foul Ball, location: 5F
2-2: Ball
3-2: SINGLE (Line Drive, 34D, EV 97.5 MPH)
Chris Shuford to third
Batting: SHB Mario Mendoza 0-0: Ball
1-0: Ball
2-0: Ball
3-0: Called Strike
3-1: Base on Balls
Mike Barrett to second
Batting: RHB Harrison DeLoach 0-0: Ball
1-0: SINGLE (Groundball, 56, EV 103.8 MPH)
Chris Shuford scores
Mike Barrett to third
Mario Mendoza to second
Runner from 3rd tries for Home, SAFE, throw by LF to home
Batting: RHB Jerome Bathgate 0-0: Ball
1-0: Called Strike
1-1: Called Strike
1-2: Ball
2-2: Fly out, F9 (Flyball, 9D, EV 103.1 MPH)
Runner from 2nd tags up, SAFE at 3rd, no throw by RF
Batting: RHB Beau Gilland 0-0: SINGLE (Flyball, 56D, EV 90.0 MPH)
Mario Mendoza scores
Harrison DeLoach to second
Pitching: RHP Jonathan Williams
Batting: RHB Gregorio Gonzalez 0-0: Ball
1-0: Fielders Choice at 2nd, 4-6 (Groundball, 4, EV 106.9 MPH)
Harrison DeLoach to third
Batting: RHB Jeff Clark 0-0: Ball
1-0: Foul Ball, location: 2F
1-1: Ball
2-1: Foul Ball, location: 7LDF
2-2: SINGLE (Groundball, 4MD, EV 100.6 MPH) (infield hit)
Harrison DeLoach scores
Gregorio Gonzalez to second
Batting: RHB Brad Graves 0-0: Swinging Strike
0-1: Ball
1-1: Foul Ball, location: 2RF
1-2: Foul Ball, location: 3FF
1-2: Ball
2-2: Strikes out swinging
Bottom of the 7th over - 4 runs, 5 hits, 0 errors, 2 left on base; Erie 4 - Akron 10
TOP OF THE 8TH
Erie SeaWolves batting - Pitching for Akron RubberDucks : RHP Mario Trujillo
Batting: RHB Joe McFadden 0-0: Foul Ball, location: 2F
0-1: Ball
1-1: Ball
2-1: Swinging Strike
2-2: Ball
3-2: Strikes out swinging
Batting: RHB Jack Childs 0-0: Called Strike
0-1: Ball
1-1: Fly out, F8 (Flyball, 8LD, EV 111.3 MPH)
Batting: RHB Jesus Mendoza 0-0: Called Strike
0-1: Called Strike
0-2: Ball
1-2: Strikes out looking
Top of the 8th over - 0 runs, 0 hits, 0 errors, 0 left on base; Erie 4 - Akron 10
BOTTOM OF THE 8TH
Akron RubberDucks batting - Pitching for Erie SeaWolves : RHP Jonathan Williams
Batting: LHB Chris Shuford 0-0: Ball
1-0: Ball
2-0: Ball
3-0: Foul Ball, location: 2F
3-1: Swinging Strike
3-2: Foul Ball, location: 5FF
3-2: Strikes out looking
Batting: RHB Mike Barrett 0-0: Ball
1-0: Ball
2-0: Ball
3-0: Called Strike
3-1: Foul Ball, location: 3F
3-2: DOUBLE (Flyball, 89D, EV 101.9 MPH)
Batting: SHB Mario Mendoza 0-0: Swinging Strike
0-1: Ball
1-1: Foul Ball, location: 3FF
1-2: Ball
2-2: Foul Ball, location: 7LDF
2-2: Ball
3-2: Fly out, F8 (Flyball, 8LM, EV 80.0 MPH)
Batting: RHB Harrison DeLoach 0-0: Ball
1-0: Swinging Strike
1-1: Foul Ball, location: 25F
1-2: SINGLE (Line Drive, 8LS, EV 107.5 MPH)
Mike Barrett to third
Runner from 3rd tries for Home, SAFE, throw by CF to home
Batting: RHB Jerome Bathgate 0-0: Ball
1-0: Called Strike
1-1: Ball
2-1: Fly out, F9 (Flyball, 9, EV 86.9 MPH)
Bottom of the 8th over - 1 run, 2 hits, 0 errors, 1 left on base; Erie 4 - Akron 11
TOP OF THE 9TH
Erie SeaWolves batting - Pitching for Akron RubberDucks : RHP Mario Trujillo
Batting: SHB Tony Ortega 0-0: Ball
1-0: Ball
2-0: SINGLE (Line Drive, 56, EV 98.8 MPH)
Batting: RHB Tim DeRosa 0-0: Called Strike
0-1: Foul Ball, location: 2F
0-2: Ball
1-2: Foul Ball, location: 3FF
1-2: Strikes out swinging
Batting: LHB Ron Devers 0-0: Ball
1-0: Called Strike
1-1: DOUBLE (Line Drive, 3D, EV 96.3 MPH)
Tony Ortega to third
Batting: LHB Nick Gough 0-0: Ball
1-0: Ball
2-0: Ball
3-0: SINGLE (Groundball, 6MD, EV 106.3 MPH)
Tony Ortega scores
Ron Devers to third
Pinch Hitting: LHB Matt Henley 0-0: Ball
1-0: Foul Ball, location: 2F
1-1: Fielders Choice at 2nd, 4-6 (Groundball, 4, EV 91.3 MPH)
Ron Devers scores
Pinch Hitting: LHB Andrew Cassella 0-0: Called Strike
0-1: Foul Ball, location: 3F
0-2: Ball
1-2: Strikes out swinging
Top of the 9th over - 2 runs, 3 hits, 0 errors, 1 left on base; Erie 6 - Akron 11
Sunday, May 5th , 2024 - OOTP Baseball 24.11 Build 85